 Dungeon Crawl Stone Soup version 0.22-a0-374-g5dfd9e3 (webtiles) character file.

29 Falco the Charlatan (level 3, -16/26 HPs)
             Began as a Formicid Artificer on Apr 26, 2018.
             Killed themself with a badly aimed iceblast (17 damage)
             ... on level 2 of the Dungeon.
             The game lasted 00:06:49 (1051 turns).

Falco the Charlatan (Formicid Artificer)            Turns: 1051, Time: 00:06:50

Health: -16/26     AC:  6    Str: 17    XL:     3   Next: 32%
Magic:  6/6        EV: 10    Int: 10    God:
Gold:   0          SH:  0    Dex: 11    Spells: 2/2 levels left

rFire    . . .     SeeInvis +   a - +0 short sword
rCold    . . .     Gourm    +   (no shield)
rNeg     . . .     Faith    .   k - +0 scale mail
rPois    .         Spirit   .   (helmet unavailable)
rElec    .         Reflect  .   (no cloak)
rCorr    .         Harm     .   (no gloves)
MR       .....                  (no boots)
Stlth    ..........             i - amulet of the gourmand
HPRegen  0.08/turn              (no ring)
MPRegen  0.10/turn              (no ring)

@: lethally poisoned (-16 -> -20)
A: permanent stasis, dig shafts and tunnels, four strong arms, antennae 3
a: Dig, Shaft Self


You were on level 2 of the Dungeon.
You were not hungry.

You visited 1 branch of the dungeon, and saw 2 of its levels.

Inventory:

Hand Weapons
 a - a +0 short sword (weapon)
Missiles
 g - 16 arrows
 j - 40 stones (quivered)
Armour
 b - a +0 leather armour
 k - a +0 scale mail (worn)
 l - a +0 ring mail
 m - a +0 ring mail
Jewellery
 i - an amulet of the gourmand (around neck)
Wands
 c - a wand of flame (12)
 d - a wand of enslavement (15)
 e - a wand of random effects (14)
Scrolls
 h - a scroll of magic mapping {unknown}
Comestibles
 f - 3 rations


   Skills:
 + Level 1.1 Fighting
 + Level 1.2 Short Blades
 + Level 0.5 Armour
 + Level 2.0 Dodging
 + Level 1.3 Stealth
 + Level 4.2 Evocations


You had 2 spell levels left.
You didn't know any spells.

Dungeon Overview and Level Annotations

Branches:
Dungeon (2/15)

Altars:


Innate Abilities, Weirdness & Mutations

You cannot be hasted, slowed, berserked, paralysed or teleported.
You can dig through walls and to a lower floor.
Your four strong arms can wield two-handed weapons with a shield.
You have a pair of large antennae on your head. (SInv)


Message History

The fireball engulfs you!
Ouch! That really hurt!
* * * LOW HITPOINT WARNING * * *
The adder barely misses you.
You aren't carrying any potions.
You don't know any spells.
Evoke which item? (* to show all) (? for menu, Esc to quit)
Aiming: Random Effects
Press: ? - help, Shift-Dir - straight line, f/p - adder
Aim: an adder (moderately wounded)
The mass of ice explodes!
The iceblast engulfs the adder.
You kill the adder!
Your Dodging skill increases to level 2!
You have reached level 3!
Your experience leads to an increase in your attributes!
Increase (S)trength, (I)ntelligence, or (D)exterity?
You feel stronger. The iceblast engulfs you!
Ouch! That really hurt!
You die...

#.......# #.#
#.#####.###.#
#.....#
###.### #.#
#.# ##.##
#...########
#.#.@†.....#
#...######.#
#####


There were no monsters in sight!

Vanquished Creatures
  An adder (D:2)
  A worm (D:2)
  A dart slug (D:1)
  2 giant cockroaches (D:2)
  A hobgoblin (D:1)
  3 kobolds (D:1)
  A bat (D:1)
  A frilled lizard (D:1)
  6 rats
17 creatures vanquished.

Notes
Turn   | Place    | Note
-------+----------+-------------------------------------------
     0 | D:1      | Falco the Formicid Artificer began the quest for the Orb.
     0 | D:1      | Reached XP level 1. HP: 15/15 MP: 3/3
   324 | D:1      | Reached XP level 2. HP: 18/21 MP: 4/4
   799 | D:2      | Reached skill level 4 in Evocations
  1050 | D:2      | HP: 1/21 [shot self (13)]
  1051 | D:2      | Reached XP level 3. HP: 1/26 MP: 6/6
  1051 | D:2      | Killed themself with a badly aimed iceblast

Vault maps used:
D:1:      ncdulo_halloftheorcs
D:2:      lemuel_round_altar, uniq_natasha

Skill      XL: |  1  2 |
---------------+-------+-----
Evocations     | 4 |  4.2
Dodging        | 2 |  2.0
Fighting       | |  1.1
Short Blades   | |  1.2
Armour         | |  0.5
Stealth        | |  1.3

Action                   || total
-------------------------++-------
Melee: Short sword       ||    52
Evoke: Wand              ||     4
 Stab: Sleeping          ||     1
Armor: Leather armour    ||    14
       Scale mail        ||     3
Dodge: Dodged            ||    27

Table legend:
 A = Spawn XP
 B = Non-spawn XP
 C = Spawn XP percentage of total XP
 D = Spawn monster count
 E = Non-spawn monster count
 F = Spawn count percentage of total count
 G = Total turns spent on level
                    A         B        C        D         E        F      G
               +---------+---------+-------+---------+---------+-------+---------
         Total |       0 |      42 |   0.0 |       0 |      17 |   0.0 |  1051
               +---------+---------+-------+---------+---------+-------+---------
           D:1 |       0 |      15 |   0.0 |       0 |       9 |   0.0 |   769
           D:2 |       0 |      27 |   0.0 |       0 |       8 |   0.0 |   282
               +---------+---------+-------+---------+---------+-------+---------
